elenmirie, neutral female human Barbarian ---------- ##.........| # |........| ### |....<...| # |........| # ---------- # # ## # ------+-- # |%[%....---- # |%%%[!`....| # |%%%%%%%.ho| #%#@T##-T%.oT.%.Gh| ----%%%"...| --------- elenmirie the Brigand Experience level: 11 Strength: 25 Dexterity: 16 Constitution: 18 Intelligence: 7 Wisdom: 8 Charisma: 6 Health: 0(95) Energy: 32(32) Def: 11 Gold: 0 Moves: 16157 Dungeon seed: rPdYcrJy2B446hOJ Game ID: elenmirie_1466406246 Your Inventory: Amulets g - the blessed Eye of the Aethiopica H - an uncursed amulet of reflection (being worn) Weapons J - the blessed rustproof +6 Cleaver (weapon in hands) X - 6 +4 daggers (in quiver) Armor n - a blessed +0 dwarvish mithril-coat (being worn) y - an uncursed +0 pair of gauntlets of power (being worn) L - an uncursed +0 elven cloak (being worn) N - an uncursed greased +0 dwarvish iron helm (being worn) S - an uncursed +0 pair of speed boots (being worn) Comestibles q - 2 uncursed apples x - an uncursed lizard corpse z - an uncursed eucalyptus leaf O - 4 uncursed food rations Scrolls T - an uncursed scroll of create monster Rings l - an uncursed ring of levitation t - an uncursed ring of conflict K - an uncursed ring of slow digestion Wands a - a wand of slow monster (0:5) c - a wand of magic missile (0:7) f - a wand of lightning (0:5) h - a wand of digging (0:6) i - a wand of striking (0:4) j - a wand of sleep (0:3) k - a wand of enlightenment (0:11) r - a wand of polymorph (0:4) A - a wand of digging (0:6) F - a wand of create monster (0:13) G - a wand of striking (0:6) V - a wand of probing (0:5) Y - a wand of magic missile (0:7) Z - a wand of light (0:15) Tools d - a tinning kit (0:36) e - an uncursed skeleton key p - an uncursed magic whistle w - an uncursed sack C - a blessed oil lamp (0:1486) D - an uncursed blindfold P - an uncursed stethoscope Gems o - an uncursed luckstone Contents of the sack: an uncursed scroll of create monster 2 uncursed scrolls of enchant armor a blessed scroll of taming an uncursed scroll of teleportation a cursed scroll of teleportation 4 potions of holy water an uncursed bugle Spells and supernatural/magical abilities: Name Level Category Fail Memory a - force bolt 1 attack 100% 34% s - slow monster 2 enchantment 100% 20% w - wizard lock 2 matter 100% 70% A - create familiar 6 clerical 100% 63% W - pray for help -- divine ? -- Your skills at the end: Miscellaneous Skills bare handed combat [Basic] Weapon Skills axe [Master] two-handed sword [Basic] Spellcasting Skills Final Attributes: You were stridently aligned. You were sleep resistant. You were poison resistant. You were magic-protected. You were telepathic. You were stealthy. You could teleport. You had teleport control. You were very fast. You had reflection. You were lucky. You had extra luck. Bad luck did not time out for you. Good luck did not time out for you. You are dead. Vanquished creatures: a captain a ghost 2 lieutenants a mind flayer 4 giant mimics an ice troll a flesh golem a large mimic 2 wumpuses 3 hill giants a black naga a giant zombie an elf-lord a sergeant 5 small mimics a xan 3 trolls a wood golem a freezing sphere a flaming sphere a large cat a tiger a gargoyle a tengu a giant 3 ettin zombies 4 Grey-elves 24 soldiers 2 succubi a giant beetle 3 cockatrices 3 wolves 2 winter wolf cubs 3 leprechauns a quivering blob a spotted jelly 4 lizards 4 orc-captains 3 giant spiders a scorpion an iron piercer a black light 2 vampire bats a forest centaur 2 gnome kings an orc mummy 3 dwarf mummies 11 ogres 2 rust monsters 2 owlbears 2 yetis a gold golem a werewolf 5 Green-elves 2 chieftains a chickatrice a dog a dwarf lord 3 blue jellies 2 dust vortices 2 ravens 3 plains centaurs 4 snakes 4 apes 2 human zombies a rope golem 7 soldier ants a fire ant 10 bugbears 4 quasits a baby crocodile a wood nymph 26 Mordor orcs 26 Uruk-hai 12 orc shamans 3 rock moles a fog cloud 4 yellow lights 4 shriekers 3 violet fungi 13 gnome lords 8 gnomish wizards 4 gray oozes a barrow wight 8 elf zombies a ghoul a straw golem 2 paper golems a giant ant 5 little dogs 2 floating eyes a kitten 20 dwarves 3 homunculi 2 kobold lords 3 kobold shamans 5 iguanas 12 hill orcs 5 rothes 2 centipedes 4 giant bats 3 orc zombies 8 dwarf zombies a wererat 3 werejackals 3 killer bees 8 coyotes a gas spore 9 hobbits 2 acid blobs 3 large kobolds 4 geckos 17 hobgoblins 3 giant rats a cave spider 2 yellow molds a green mold a red mold 61 gnomes 18 garter snakes 6 manes 15 jackals 4 foxes 2 kobolds 3 newts 11 goblins 2 sewer rats 9 grid bugs 3 bats 5 lichens 573 creatures vanquished. Voluntary challenges: You had been an atheist until turn 2244. You used a wielded weapon 622 times, starting on turn 55. You did not apply a unicorn horn. You read items or engraved 82 times, starting on turn 8. You never genocided any monsters. You never polymorphed an object. You never changed form. You cheated 2 times but completed Sokoban on turn 12131. You used 1 wish, starting on turn 12888. You wished for your your first artifact on turn 12888. You never split a pudding. You wrote Elbereth's name 8 times, starting on turn 256. You violated your moral code, losing 8 points of alignment, starting on turn 3315. Dungeon overview: The Dungeons of Doom: levels 1 to 19 Level 1 some fountains a long staircase Level 2 an altar to Crom Level 3 an altar to Set, a fountain stairs to The Gnomish Mines Level 4 a delicatessen, a fountain Level 5 a fountain Level 6 some fountains Level 7 an altar to Crom, a fountain Level 8 some fountains Level 9 a bookstore stairs to Sokoban Level 10 Level 11 a temple to Mitra, some fountains Level 12 a temple to Mitra, a fountain Level 13 Level 14 a potion shop, an altar to Set portal to The Quest Level 15 Level 16 Level 17 Level 18 (stash box near downstairs) Level 19 <- You were here a throne The Gnomish Mines: levels 4 to 12 Level 4 stairs to The Dungeons of Doom Level 5 Level 6 some shops, a temple to Set, a magic chest, some fountains Level 7 Level 8 Level 9 Level 10 Level 11 Level 12 many altars to Moloch, a magic chest, some fountains The Quest: Level 1 a magic chest, a throne portal to The Dungeons of Doom Sokoban: levels 5 to 8 Level 5 a magic chest Level 6 a sink Level 7 Level 8 a magic chest stairs to The Dungeons of Doom History has recorded: On T:1 you entered the Dungeons of Doom to retrieve the Amulet of Yendor! On T:693 you reached level 2 of The Dungeons of Doom. On T:859 you advanced to experience level 2. On T:1059 you reached level 3 of The Dungeons of Doom. On T:1194 you advanced to experience level 3. On T:1343 you reached level 4 of The Dungeons of Doom. On T:1495 you reached level 5 of The Dungeons of Doom. On T:1863 you reached level 6 of The Dungeons of Doom. On T:1987 you advanced to experience level 4. On T:2144 you reached level 7 of The Dungeons of Doom. On T:2418 you advanced to experience level 5. On T:2573 you reached level 8 of The Dungeons of Doom. On T:2877 you advanced to experience level 6. On T:2982 you reached level 9 of The Dungeons of Doom. On T:3103 you reached level 4 of Sokoban. On T:3421 you opened a magic chest. On T:3432 you opened a magic chest. On T:3445 you opened a magic chest. On T:3618 you reached level 3 of Sokoban. On T:3807 you opened a magic chest. On T:4443 you reached level 2 of Sokoban. On T:4826 you opened a magic chest. On T:5196 you advanced to experience level 7. On T:5751 you received Cleaver from Crom. On T:6144 you reached level 1 of The Gnomish Mines. On T:6194 you advanced to experience level 8. On T:6378 you reached level 2 of The Gnomish Mines. On T:6785 you reached level 3 of The Gnomish Mines. On T:6968 you opened a magic chest. On T:6968 you opened a magic chest. On T:6988 you entered the Minetown temple On T:7079 you opened a magic chest. On T:7079 you opened a magic chest. On T:7336 you opened a magic chest. On T:7339 you opened a magic chest. On T:7458 you reached level 4 of The Gnomish Mines. On T:7662 you reached level 5 of The Gnomish Mines. On T:7889 you reached level 6 of The Gnomish Mines. On T:7968 you advanced to experience level 9. On T:8087 you reached level 7 of The Gnomish Mines. On T:8134 you reached level 8 of The Gnomish Mines. On T:8423 you reached level 9 of The Gnomish Mines. On T:8423 you reached the bottom of the Mines. On T:8675 you opened a magic chest. On T:8676 you opened a magic chest. On T:8746 you opened a magic chest. On T:8747 you opened a magic chest. On T:8748 you opened a magic chest. On T:9200 you opened a magic chest. On T:10029 you opened a magic chest. On T:10030 you opened a magic chest. On T:10046 you opened a magic chest. On T:10097 you opened a magic chest. On T:10380 you opened a magic chest. On T:10380 you opened a magic chest. On T:10383 you opened a magic chest. On T:10392 you opened a magic chest. On T:10394 you opened a magic chest. On T:10394 you opened a magic chest. On T:10395 you opened a magic chest. On T:10909 you opened a magic chest. On T:11152 you reached level 1 of Sokoban. On T:11276 you advanced to experience level 10. On T:12131 you entered the Sokoban zoo. On T:12224 you opened a magic chest. On T:12294 you opened a magic chest. On T:12453 you opened a magic chest. On T:12453 you opened a magic chest. On T:12880 you opened a magic chest. On T:12881 you opened a magic chest. On T:12882 you opened a magic chest. On T:12884 you opened a magic chest. On T:12888 you wished for "blessed fixed Eye of the Aethiopica". On T:12891 you opened a magic chest. On T:12928 you reached level 10 of The Dungeons of Doom. On T:13096 you opened a magic chest. On T:13101 you opened a magic chest. On T:13235 you reached level 11 of The Dungeons of Doom. On T:13735 you opened a magic chest. On T:13737 you opened a magic chest. On T:13794 you reached level 12 of The Dungeons of Doom. On T:13972 you reached level 13 of The Dungeons of Doom. On T:14113 you reached level 14 of The Dungeons of Doom. On T:14317 you reached level 15 of The Dungeons of Doom. On T:14372 you reached level 1 of The Quest. On T:14833 you reached level 16 of The Dungeons of Doom. On T:15268 you advanced to experience level 11. On T:15372 you reached level 17 of The Dungeons of Doom. On T:15800 you reached level 18 of The Dungeons of Doom. On T:16097 you reached level 19 of The Dungeons of Doom. Score breakdown: Gold: 0 ( 0 points) Experience: 11 levels ( 1000 points) Exploration: 19 levels ( 540 points) Discoveries: 55 items ( 2000 points) Variety of kills: 130 monsters ( 2000 points) Major goal: Sokoban/Mines ( 1500 points) Survival: died (score multiplied by 3) Total score: 21120 Latest messages: The rock troll claws you! (2x) The rock troll bites! You see here an orcish helm. You see here a troll corpse. The troll picks up a lucern hammer. You see here a bugbear corpse. The orc-captain drinks a potion of gain level! The orc-captain seems more experienced. You see here a bugbear corpse. The troll picks up a potion of paralysis. The troll rises from the dead! You swing your Cleaver in a tremendous arc. You kill the giant spider! You see here a giant spider corpse. The orc-captain picks up an orcish helm. You stop searching. The troll claws you! (2x) The troll bites! You swing your Cleaver in a tremendous arc. You smite the troll! The troll claws you! You die... Final status: Goodbye elenmirie the Barbarian, killed by a troll... You died in The Dungeons of Doom on dungeon level 19 with 21120 points, and 0 pieces of gold, after 16157 moves. You were level 11 with a maximum of 95 hit points when you died.